 Dungeon Sprint DCSS version 0.23-a0-814-g91b4073 (webtiles) character file.

1185 Lanoc the Grappler (level 8, 0/88 HPs)
             Began as a Troll Monk on Jan 21, 2019.
             Was the Champion of Jiyva.
             Slain by a seven-headed hydra (16 damage)
             ... in the Dungeon (Sprint IX: "|||||||||||||||||||||||||||||").
             The game lasted 00:01:59 (359 turns).

Lanoc the Grappler (Troll Monk)                      Turns: 359, Time: 00:02:01

Health: 0/88       AC:  9    Str: 21    XL:     8   Next: 19%
Magic:  6/6        EV: 16    Int:  8    God:    Jiyva [******]
Gold:   0          SH:  0    Dex: 14    Spells: 7/7 levels left

rFire    . . .     SeeInvis .   m - +2 scimitar (flame)
rCold    . . .     Gourm    +   (no shield)
rNeg     . . .     Faith    .   a - +0 robe
rPois    .         Spirit   .   (helmet restricted)
rElec    .         Reflect  .   n - +0 cloak
rCorr    +         Harm     .   (gloves unavailable)
MR       .....     NoTele   +   (boots unavailable)
Stlth    ++........             (no amulet)
HPRegen  0.64/turn              o - +2 ring of evasion
MPRegen  0.10/turn              p - +3 ring of intelligence

@: no status effects
A: large, unfitting armour, claws 3, fangs 1, icy blue scales 1, fast metabolism
3, gourmand, low mp 1, regeneration 1, shaggy fur 1, tough skin 3, eyeballs 1,
translucent skin 1, jelly sensing items, MP-powered wands
a: Request Jelly, Slimify, Cure Bad Mutation, Renounce Religion


You were in the Dungeon.
You worshipped Jiyva.
Jiyva was exalted by your worship.
You were very full.

You visited 1 branch

Inventory:

Hand Weapons
 m - a +2 scimitar of flaming (weapon)
Armour
 a - a +0 robe (worn)
 n - a +0 cloak (worn)
Jewellery
 o - a +2 ring of evasion (left claw)
 p - a +3 ring of intelligence (right claw)
Wands
 l - a wand of acid (10)
Scrolls
 h - 3 scrolls of blinking
 j - 5 scrolls of remove curse
 k - 2 scrolls of amnesia
 q - 4 scrolls of enchant armour
Potions
 c - 6 potions of curing
 d - 7 potions of heal wounds
 e - a potion of haste
 f - 4 potions of magic
 g - a potion of invisibility
 i - 2 potions of brilliance
Comestibles
 b - 2 rations


   Skills:
 + Level 8.1 Fighting
 + Level 8.1 Dodging
 - Level 1.0 Stealth
 * Level 12.8 Unarmed Combat


You had 7 spell levels left.
You didn't know any spells.
Your spell library was empty.

Dungeon Overview and Level Annotations

Branches:
Dungeon (1/1)

Altars:
Cheibriados
Dithmenos
Elyvilon
Fedhas
Gozag
Hepliaklqana
Kikubaaqudgha
Makhleb
Nemelex Xobeh
Okawaru
Qazlal
Ru
Sif Muna
Trog
Uskayaw
Vehumet
Wu Jian
Xom
Yredelemnul
Zin
The Shining One
Beogh
Jiyva
Lugonu


Innate Abilities, Weirdness & Mutations

You are too large for most types of armour.
You have claws for hands.
Your metabolism is lightning-fast.
You like to eat raw meat.
Your natural rate of healing is unusually fast.
You are covered in fur. (AC +1)
You have extremely tough skin. (AC +3)
You have very sharp teeth.
You are partially covered in icy blue scales. (AC +2)
Your magical capacity is low. (-10% MP)
Your body has grown golden eyes which may confuse attackers. (Acc +3)
Your translucent skin slightly reduces your foes' accuracy. (Stealth)
You have a small jelly attached to you that senses nearby items.
You expend magic power (3 MP) to strengthen your wands.


Message History

The seven-headed hydra closely misses you.
You hit the seven-headed hydra. You burn the seven-headed hydra.
The seven-headed hydra is moderately wounded.
The seven-headed hydra bites you. The seven-headed hydra misses you. x2
The seven-headed hydra bites you! The seven-headed hydra misses you. x2
The seven-headed hydra bites you but does no damage.
You hear a distant slurping noise.
You feel a little less hungry.
You feel better.
You hear a squelching noise.
The seven-headed hydra bites you.
The seven-headed hydra barely misses you.
The seven-headed hydra bites you!
* * * LOW HITPOINT WARNING * * *
The seven-headed hydra bites you.
* * * LOW HITPOINT WARNING * * *
The seven-headed hydra bites you.
* * * LOW HITPOINT WARNING * * *
The seven-headed hydra closely misses you.
The seven-headed hydra bites you!
You die...

▓)▓.▓.▓
▓.▓.▓(▓
▓.▓.▓(▓
∆
▓.▓.▓(▓
∆
▓'▓.▓.▓
∆
▓_▓.▓.▓
∆
▓_▓.▓.▓
∆
▓_▓.▓.▓
∆
▓_▓.▓@▓
∆
▓_▓.▓D▓
∆
▓_▓.▓S▓
∆
▓_▓.▓F▓
∆
▓_▓.▓Y▓
∆
▓_▓.▓S▓
∆
▓_▓.▓S▓
▓_▓.▓l▓
▓_▓.▓


You could see a seven-headed hydra, a komodo dragon, a black mamba, a yak, a
spiny frog and 2 water moccasins.

Vanquished Creatures
  A komodo dragon (D)
  An efreet (D)
  A tengu conjurer (D)
  A water moccasin (D)
  2 centaurs (D)
  3 hounds (D)
  An iguana (D)
  3 worker ants (D)
  A shadow imp (D)
  2 orcs (D)
  A ball python (D)
  2 bats (D)
  A giant cockroach (D)
  A jackal (D)
  A kobold (D)
22 creatures vanquished.

Vanquished Creatures (collateral kills)
  A bullfrog (D)
1 creature vanquished.

Grand Total: 23 creatures vanquished

Notes
Turn   | Place    | Note
-------+----------+-------------------------------------------
     0 | D        | Lanoc the Troll Monk began the quest for the Orb.
     0 | D        | Reached XP level 1. HP: 22/22 MP: 0/0
    22 | D        | Noticed a worker ant
    22 | D        | Noticed a centaur
    22 | D        | Noticed a worker ant
    32 | D        | Killed a worker ant
    32 | D        | Reached skill level 5 in Unarmed Combat
    32 | D        | Reached XP level 2. HP: 23/31 MP: 1/1
    32 | D        | Reached XP level 3. HP: 27/37 MP: 2/2
    37 | D        | Killed a centaur
    37 | D        | Reached skill level 7 in Unarmed Combat
    37 | D        | Reached XP level 4. HP: 19/49 MP: 3/3
    45 | D        | Reached XP level 5. HP: 14/55 MP: 4/4
    53 | D        | Found a roughly hewn altar of Beogh.
    53 | D        | Found a snail-covered altar of Cheibriados.
    53 | D        | Found a shadowy altar of Dithmenos.
    53 | D        | Found a white marble altar of Elyvilon.
    53 | D        | Found a blossoming altar of Fedhas.
    53 | D        | Found an opulent altar of Gozag.
    54 | D        | Found a hazy altar of Hepliaklqana.
    55 | D        | Found a viscous altar of Jiyva.
    56 | D        | Found an ancient bone altar of Kikubaaqudgha.
    57 | D        | Found a corrupted altar of Lugonu.
    58 | D        | Found a burning altar of Makhleb.
    59 | D        | Found a sparkling altar of Nemelex Xobeh.
    60 | D        | Found an iron altar of Okawaru.
    61 | D        | Found a stormy altar of Qazlal.
    62 | D        | Found a sacrificial altar of Ru.
    63 | D        | Became a worshipper of Jiyva Joesuesh the Shapeless
    63 | D        | Reached * piety under Jiyva
    63 | D        | Reached ** piety under Jiyva
    64 | D        | Found a deep blue altar of Sif Muna.
    65 | D        | Found a bloodstained altar of Trog.
    66 | D        | Found a hide-covered altar of Uskayaw.
    67 | D        | Found a radiant altar of Vehumet.
    68 | D        | Found an ornate altar of the Wu Jian Council.
    69 | D        | Found a shimmering altar of Xom.
    70 | D        | Found a basalt altar of Yredelemnul.
    71 | D        | Found a glowing silver altar of Zin.
    72 | D        | Found a glowing golden altar of the Shining One.
   103 | D        | Noticed a water moccasin
   110 | D        | Reached skill level 5 in Fighting
   110 | D        | Reached skill level 5 in Dodging
   110 | D        | Reached skill level 8 in Unarmed Combat
   111 | D        | Reached *** piety under Jiyva
   111 | D        | Gained mutation: You are robust. (+10% HP) [Jiyva's grace]
   111 | D        | Reached **** piety under Jiyva
   111 | D        | Lost mutation: You are robust. (+10% HP) [Jiyva's grace]
   111 | D        | Gained mutation: Your muscles are strong. (Str +2) [Jiyva's
                  | grace]
   111 | D        | Reached ***** piety under Jiyva
   111 | D        | Gained mutation: Your translucent skin slightly reduces
                  | your foes' accuracy. (Stealth) [Jiyva's grace]
   111 | D        | Gained mutation: Your body has grown golden eyes which may
                  | confuse attackers. (Acc +3) [Jiyva's grace]
   115 | D        | Killed a water moccasin
   115 | D        | Reached skill level 9 in Unarmed Combat
   115 | D        | Reached XP level 6. HP: 32/67 MP: 5/5
   115 | D        | Reached ****** piety under Jiyva
   117 | D        | Lost mutation: Your muscles are strong. (Str +2) [Jiyva's
                  | grace]
   135 | D        | Gained mutation: You have very sharp teeth. [Jiyva's grace]
   135 | D        | Gained mutation: You expend magic power (3 MP) to
                  | strengthen your wands. [Jiyva's grace]
   184 | D        | Noticed an efreet
   184 | D        | Noticed a tengu conjurer
   188 | D        | Reached skill level 10 in Unarmed Combat
   196 | D        | Killed an efreet
   196 | D        | Reached skill level 11 in Unarmed Combat
   196 | D        | Reached XP level 7. HP: 36/78 MP: 6/6
   203 | D        | Gained mutation: You have a small jelly attached to you
                  | that senses nearby items. [Jiyva's grace]
   204 | D        | Killed a tengu conjurer
   204 | D        | Reached skill level 12 in Unarmed Combat
   211 | D        | Gained mutation: Your magical capacity is low. (-10% MP)
                  | [Jiyva's grace]
   214 | D        | Gained mutation: You are partially covered in icy blue
                  | scales. (AC +2) [Jiyva's grace]
   353 | D        | Noticed a komodo dragon
   353 | D        | Noticed an eight-headed hydra
   353 | D        | Noticed a spiny frog
   353 | D        | Noticed a yak
   353 | D        | Noticed a black mamba
   356 | D        | Killed a komodo dragon
   356 | D        | Reached XP level 8. HP: 87/88 MP: 6/6
   358 | D        | Noticed a komodo dragon
   359 | D        | Slain by a seven-headed hydra

Vault maps used:
D:        linesprint

Skill      XL: |  1  2  3  4  5  6  7 |
---------------+----------------------+-----
Fighting       | 3 4 5 7 8 |  8.1
Dodging        | 3 4 5 7 8 |  8.1
Unarmed Combat | 5 7 9 11 12 | 12.8
Stealth        | |  1.0

Action                   |  1- 3 |  4- 6 |  7- 9 || total
-------------------------+-------+-------+-------++-------
Melee: Unarmed           |    21 |    43 |     9 ||    73
       Punch             |       |     2 |       ||     2
       Bite              |       |       |     2 ||     2
       Scimitar          |       |       |     2 ||     2
  Use: Potion            |     1 |       |       ||     1
 Stab: Confused          |       |       |     2 ||     2
  Eat: Chunk             |       |     4 |     1 ||     5
Armor: Robe              |     9 |     3 |     5 ||    17
Dodge: Dodged            |     8 |    18 |    19 ||    45
       Rpst.: Scimitar   |       |       |     1 ||     1

Table legend:
 A = Non-vault XP
 B = Vault XP
 C = Vault XP percentage of total XP
 D = Non-vault monster count
 E = Vault monster count
 F = Vault count percentage of total count
                 A         B        C        D         E       F
            +---------+---------+-------+---------+---------+-------
      Total |       0 |    1693 | 100.0 |       0 |      23 | 100.0
            +---------+---------+-------+---------+---------+-------
          D |       0 |    1693 | 100.0 |       0 |      23 | 100.0
            +---------+---------+-------+---------+---------+-------
